 Dungeon Crawl Stone Soup version 0.23-a0-435-g79ed067 (webtiles) character file.

522 KittyKrap the Ruffian (level 7, -1/67 HPs)
             Began as a Troll Fighter on Nov 16, 2018.
             Slain by a hound (5 damage)
             ... on level 4 of the Dungeon.
             The game lasted 00:05:36 (2630 turns).

KittyKrap the Ruffian (Troll Fighter)               Turns: 2630, Time: 00:05:37

Health: -1/67      AC:  5    Str: 25    XL:     7   Next: 1%
Magic:  6/6        EV:  8    Int:  9    God:
Gold:   159        SH:  9    Dex:  9    Spells: 6/6 levels left

rFire    . . .     SeeInvis .     - Unarmed
rCold    . . .     Gourm    +   b - +0 shield
rNeg     . . .     Faith    .   a - +0 robe
rPois    .         Spirit   .   (helmet restricted)
rElec    .         Reflect  .   s - scarf {repulsion}
rCorr    .         Harm     .   (gloves unavailable)
MR       .....                  (boots unavailable)
Stlth    +.........             (no amulet)
HPRegen  0.61/turn              u - +3 ring of intelligence
MPRegen  0.10/turn              (no ring)

@: flying, repel missiles
A: large, unfitting armour, claws 3, fast metabolism 3, gourmand, regeneration
1, shaggy fur 1, tough skin 2
a: no special abilities


You were on level 4 of the Dungeon.
You were completely stuffed.

You visited 1 branch of the dungeon, and saw 4 of its levels.

You collected 159 gold pieces.

Inventory:

Hand Weapons
 t - a +0 trident
Missiles
 c - 2 javelins of penetration (quivered)
 g - 6 needles of paralysis
Armour
 a - a +0 robe (worn)
 b - a +0 shield (worn)
 s - a scarf of repulsion (worn)
Jewellery
 u - a +3 ring of intelligence (left claw)
Wands
 q - a wand of clouds (5)
 w - a wand of scattershot (7)
Scrolls
 f - a scroll of blinking {unknown}
 i - 2 scrolls of enchant armour {unknown}
 j - a scroll of amnesia {unknown}
 k - 2 scrolls of teleportation {unknown}
 l - 4 scrolls of remove curse {unknown}
 m - 5 scrolls of identify {unknown}
 r - 2 scrolls of enchant weapon {unknown}
 v - 3 scrolls of immolation {unknown}
Potions
 e - a potion of flight
 h - 2 potions of curing {unknown}
 n - a potion of degeneration {unknown}
 p - a potion of brilliance {unknown}
Comestibles
 d - 11 rations
 o - 4 chunks of flesh


   Skills:
 * Level 3.4 Fighting
 - Level 2.5 Dodging
 - Level 0.2 Stealth
 - Level 3.4 Shields
 + Level 6.2 Unarmed Combat


You had 6 spell levels left.
You didn't know any spells.
Your spell library was empty.

Dungeon Overview and Level Annotations

Branches:
Dungeon (4/15)             Temple (0/1) D:4

Altars:
Fedhas

Annotations:
D:3 exclusion: downstairs


Innate Abilities, Weirdness & Mutations

You are too large for most types of armour.
You have claws for hands.
Your metabolism is lightning-fast.
You like to eat raw meat.
Your natural rate of healing is unusually fast.
You are covered in fur. (AC +1)
You have very tough skin. (AC +2)


Message History

You claw the ogre!
The ogre is heavily wounded.
The hound bites you but does no damage. The hound barely misses you.
You claw the ogre!
The ogre is severely wounded.
The ogre misses you. The hound barely misses you.
You scratch the ogre but do no damage.
The ogre is severely wounded.
The hound bites you but does no damage.
The ogre hits you with a cursed -3 giant club.
You block the hound's attack.
Your shield prevents you from hitting the ogre.
The ogre is severely wounded.
The hound bites you.
The ogre hits you with a cursed -3 giant club!!
* * * LOW HITPOINT WARNING * * *
It was a potion of flight.
You feel very buoyant.
You fly up into the air.
You block the hound's attack. The hound bites you.
You die...

.###. #..##.......
..........####..#.......
....>...................
#......#......#..#......
......##......#####....
..............# #..#
#...........# ..#
##h.......#..... ##
#.O@(.....#....[.
.....................
.......##.$###..##...
##...#. ##.# .## ###
###### ### ##


You could see an ogre and a hound.

Vanquished Creatures
  Menkaure (D:4)
  An ogre (D:4)
  An orc wizard (D:4)
  2 orc priests
  3 worker ants
  A hound zombie (D:2)
  A gnoll (D:4)
  3 adders
  2 oozes
  An adder skeleton (D:4)
  3 worms
  4 dart slugs
  3 leopard geckos
  9 orcs
  3 ball pythons
  10 bats
  A giant cockroach (D:2)
  8 goblins
  5 hobgoblins
  5 jackals
  5 kobolds
  3 quokkas (D:3)
  7 frilled lizards
  A quokka skeleton (D:4)
  4 rats
87 creatures vanquished.

Notes
Turn   | Place    | Note
-------+----------+-------------------------------------------
     0 | D:1      | KittyKrap the Troll Fighter began the quest for the Orb.
     0 | D:1      | Reached XP level 1. HP: 22/22 MP: 0/0
    48 | D:1      | Reached XP level 2. HP: 27/29 MP: 1/1
   484 | D:1      | Reached XP level 3. HP: 36/36 MP: 2/2
   668 | D:2      | Reached skill level 3 in Unarmed Combat
   697 | D:2      | Reached XP level 4. HP: 44/44 MP: 3/3
   795 | D:2      | Found a blossoming altar of Fedhas.
  1338 | D:3      | Reached XP level 5. HP: 50/50 MP: 4/4
  1741 | D:4      | Noticed an ogre
  2008 | D:3      | Reached skill level 4 in Unarmed Combat
  2255 | D:4      | Noticed Menkaure
  2327 | D:4      | Killed Menkaure
  2327 | D:4      | Reached skill level 5 in Unarmed Combat
  2327 | D:4      | Reached XP level 6. HP: 32/61 MP: 5/5
  2340 | D:4      | Found a staircase to the Ecumenical Temple.
  2574 | D:4      | Reached skill level 6 in Unarmed Combat
  2579 | D:4      | Reached XP level 7. HP: 60/67 MP: 6/6
  2629 | D:4      | HP: 3/67 [ogre/cursed -3 giant club (19)]
  2630 | D:4      | Slain by a hound

Vault maps used:
D:1:      wander_arrival_fairy_ring, minmay_misc_feat_x, minmay_pentomino_t4
D:2:      first_ration, fedhas_altar_3
D:4:      lemuel_castle_with_subvaults, temple_pool_b,
          nicolae_dithmenos_through_a_glass_darkly, uniq_menkaure

Skill      XL: |  1  2  3  4  5  6 |
---------------+-------------------+-----
Shields        | 3 |  3.4
Unarmed Combat | 3 5 6 |  6.2
Fighting       | 3 |  3.4
Dodging        | |  2.5
Stealth        | |  0.2

Action                   |  1- 3 |  4- 6 |  7- 9 || total
-------------------------+-------+-------+-------++-------
Melee: Unarmed           |    81 |   151 |    13 ||   245
  Use: Potion            |       |     1 |     1 ||     2
 Stab: Sleeping          |     1 |       |       ||     1
  Eat: Chunk             |    12 |    17 |     1 ||    30
Armor: Robe              |    19 |    54 |     3 ||    76
Dodge: Dodged            |    22 |    50 |     5 ||    77
       Deflected         |       |     4 |       ||     4
Block: Shield            |    27 |    64 |     4 ||    95

Table legend:
 A = Non-vault XP
 B = Vault XP
 C = Vault XP percentage of total XP
 D = Non-vault monster count
 E = Vault monster count
 F = Vault count percentage of total count
                 A         B        C        D         E       F
            +---------+---------+-------+---------+---------+-------
      Total |     538 |     208 |  27.9 |      80 |       7 |   8.0
            +---------+---------+-------+---------+---------+-------
        D:1 |      40 |       7 |  14.9 |      20 |       3 |  13.0
        D:2 |      85 |       0 |   0.0 |      22 |       0 |   0.0
        D:3 |     115 |       0 |   0.0 |      23 |       0 |   0.0
        D:4 |     298 |     201 |  40.3 |      15 |       4 |  21.1
            +---------+---------+-------+---------+---------+-------
